 Dungeon Crawl Stone Soup version 0.31.0-32-g396128a36d (webtiles) character file.

Game seed: 14407945693432981277

694 adizb the Ruffian (level 7, -3/68 HPs)
             Began as a Troll Monk on Mar 24, 2024.
             Slain by Duvessa
             ... wielding a +0 short sword
              (10 damage)
             ... on level 4 of the Dungeon.
             The game lasted 00:15:09 (2606 turns).

adizb the Ruffian (Troll Monk)                      Turns: 2606, Time: 00:15:10

Health: -3/68      AC:  5    Str: 22    XL:     7   Next: 37%
Magic:  8/8        EV: 11    Int:  6    God:
Gold:   280        SH:  4    Dex: 12    Spells: 6/6 levels left

rFire   . .          .
                       - Unarmed
rCold   . . .        (no shield)
rNeg    . . .        a - +0 robe
rPois   .            (helmet restricted)
rElec   .            j - +0 cloak
rCorr   .            (gloves unavailable)
SInv    .            (boots unavailable)
Will    .....        f - amulet of faith
Stlth   +            (no ring)
HPRegen 1.11/turn    (no ring)
MPRegen 0.11/turn

%: faith
@: no status effects
A: large, unfitting armour, claws 3, regeneration 1, shaggy fur 1, tough skin 1,
large bone plates 1
a: no special abilities


You were on level 4 of the Dungeon.
You visited 1 branch of the dungeon, and saw 4 of its levels.

You collected 280 gold pieces.

Inventory:

Armour
 a - a +0 robe (worn)
 j - a +0 cloak (worn)
Jewellery
 f - an amulet of faith (around neck)
 r - an amulet of guardian spirit
Wands
 s - a wand of mindburst (7) (quivered)
Scrolls
 c - a scroll of teleportation {unknown}
 d - a scroll of noise
 e - a scroll of enchant armour {unknown}
 i - 6 scrolls of fog
 q - a scroll of silence {unknown}
Potions
 b - 2 potions of ambrosia
 g - a potion of curing {unknown}
 h - a potion of berserk rage {unknown}
 k - a potion of mutation
 l - a potion of heal wounds {unknown}
 m - a potion of lignification {unknown}
 n - a potion of attraction {unknown}
 o - a potion of might {unknown}
 p - a potion of invisibility {unknown}


   Skills:
 + Level 3.8 Fighting
 + Level 3.8 Dodging
 * Level 5.9 Unarmed Combat
 + Level 3.0 Invocations


You had 6 spell levels left.
You didn't know any spells.
Your spell library contained the following spells:

 Spells                   Type           Power      Damage    Failure   Level
 Freeze                   Ice            0%         1d3       45%         1
 Jinxbite                 Hex            0%         N/A       58%         2
 Frozen Ramparts          Ice            0%         1d1       83%         3
 Hailstorm                Conj/Ice       0%         3d5       83%         3
 Yara's Violent Unravell  Hex/Alch       0%         3d3       100%        5
 Enfeeble                 Hex            0%         N/A       100%        7


Dungeon Overview and Level Annotations

Branches:
Dungeon (4/15)
 Temple: D:4-7

Altars:
Uskayaw
Wu Jian
Zin
The Shining One

Shops:
D:4 *

Annotations:
D:4 Duvessa


Innate Abilities, Weirdness & Mutations

You are too large for most types of armour.
You have claws for hands.
Your natural rate of healing is unusually fast.
You are covered in fur. (AC +1)
You have tough skin. (AC +1)
You are partially covered in large bone plates. (SH +4)


Message History

Press: ? - help, Q - select action Shift-Dir - straight line, f - Duvessa
Aim: Duvessa, wielding a +0 short sword and wearing a +0 scale mail (berserk, chance to affect: 47%) Duvessa resists with some effort.
Aiming: Mindburst
Press: ? - help, Q - select action Shift-Dir - straight line, f/p - Duvessa
Aim: Duvessa, wielding a +0 short sword and wearing a +0 scale mail (berserk, chance to affect: 47%) Duvessa resists with some effort.
You scratch Duvessa but do no damage. Duvessa hits you with a +0 short sword.
You barely miss Duvessa. Duvessa hits you with a +0 short sword!
You scratch Duvessa but do no damage. Duvessa hits you with a +0 short sword.
Duvessa barely misses you.
You claw Duvessa!
Duvessa is lightly wounded.
Duvessa hits you with a +0 short sword!
You scratch Duvessa but do no damage. You claw Duvessa!
Duvessa is heavily wounded.
Duvessa hits you with a +0 short sword.
You claw Duvessa!
Duvessa is severely wounded.
Duvessa barely misses you. Duvessa hits you with a +0 short sword.
You scratch Duvessa.
Duvessa is severely wounded.
Duvessa closely misses you.
You claw Duvessa!
Duvessa is almost dead.
Duvessa hits you with a +0 short sword! You block Duvessa's attack.
You scratch Duvessa.
Duvessa is almost dead.
Duvessa hits you with a +0 short sword!
* * * LOW HITPOINT WARNING * * *
You scratch Duvessa.
Duvessa is almost dead.
Duvessa hits you with a +0 short sword!
* * * LOW HITPOINT WARNING * * *
You barely miss Duvessa.
Duvessa is almost dead.
Duvessa hits you with a +0 short sword.
* * * LOW HITPOINT WARNING * * *
Duvessa hits you with a +0 short sword!
You die...

#.# #..#.#...............
#.# #..#.#.###.###.......
#.# ##..#.#.###.# #.......
#.####...#.......# #...<...
#.....)8.....###...........
###..##<...................
##.8.∩.8.#.##..###......#
####....#.##..# ......
#8..@......# ####.
#...e....... #.##
#.#..#...... ....
#.#..####..# ##..# #.#....
## #... #.#...# #... .....
#.... #.... ..... #...#
.....


You could see Duvessa (berserk).

Vanquished Creatures
  Grinder (D:3)
  A phantom (D:4)
  A scorpion (D:4)
  Dowan (D:4)
  An orc priest (D:3)
  A bombardier beetle (D:4)
  A hound (D:4)
  Crazy Yiuf (D:2)
  Natasha (thrice) (D:3)
  An iguana (D:4)
  An orc wizard (D:3)
  2 adders (D:2)
  2 white imps (D:4)
  4 dart slugs
  A ribbon worm (D:4)
  4 orcs
  5 bats
  2 endoplasms
  3 giant cockroaches (D:1)
  6 goblins
  2 hobgoblins (D:2)
  2 jackals (D:2)
  4 quokkas
  4 ball pythons (D:1)
  3 frilled lizards
  4 kobolds
  A rat (D:2)
62 creatures vanquished.

Notes
Turn   | Place    | Note
-------+----------+-------------------------------------------
     0 | D:1      | adizb the Troll Monk began the quest for the Orb.
     0 | D:1      | Reached XP level 1. HP: 22/22 MP: 0/0
   160 | D:1      | Reached XP level 2. HP: 29/29 MP: 1/1
   964 | D:2      | Reached XP level 3. HP: 34/36 MP: 2/2
   991 | D:2      | Reached skill level 1 in Invocations
  1014 | D:2      | Found a runed translucent door.
  1015 | D:2      | Noticed Crazy Yiuf
  1022 | D:2      | Killed Crazy Yiuf
  1023 | D:2      | Reached XP level 4. HP: 21/44 MP: 3/3
  1040 | D:2      | Gained mutation: You are partially covered in large bone
                  | plates. (SH +4) [potion of mutation]
  1306 | D:3      | Reached skill level 4 in Unarmed Combat
  1415 | D:3      | Found a glowing golden altar of the Shining One.
  1451 | D:3      | Found a glowing silver altar of Zin.
  1512 | D:3      | Found a faded altar of an unknown god.
  1549 | D:3      | Reached XP level 5. HP: 52/53 MP: 5/5
  1586 | D:3      | Noticed Natasha
  1597 | D:3      | Killed Natasha
  1617 | D:3      | Noticed Grinder
  1622 | D:3      | Killed Grinder
  1623 | D:3      | Reached skill level 5 in Unarmed Combat
  1623 | D:3      | Reached XP level 6. HP: 53/61 MP: 6/6
  1873 | D:4      | Noticed Duvessa
  1873 | D:4      | Noticed Dowan
  1900 | D:3      | Noticed Natasha
  1906 | D:3      | Killed Natasha
  1923 | D:3      | Noticed Natasha
  1929 | D:3      | Killed Natasha
  2002 | D:4      | Identified the +1 ring mail "Detekhlyo" {Int+5}
  2024 | D:4      | Found an ornate altar of the Wu Jian Council.
  2041 | D:4      | Reached XP level 7. HP: 67/67 MP: 6/8
  2383 | D:4      | Found a hide-covered altar of Uskayaw.
  2396 | D:4      | Killed Dowan
  2554 | D:4      | Found Linul's General Store.
  2606 | D:4      | Slain by Duvessa

Illustrated notes

Levels and vault maps discovered:
D:1:      dpeg_arrival_boxorama, layout_loops_corners, grunt_decor_one_mirror
D:2:      layout_rooms, st_stairs_3, uniq_crazy_yiuf_cottage
D:3:      layout_loops_ring, tso_oasis_becter, amcnicky_altar_gilded,
          ebering_ecumenical_altar_box, nicolae_the_louvre, uniq_natasha,
          uniq_grinder
D:4:      layout_basic, mainiacjoe_overflow_24_doors,
          mainiacjoe_overflow_concentric_impassable, serial_shops,
          nicolae_shop_statue_plus, serial_bayou_lake_a, uniq_duvessa

Skill      XL: |  1  2  3  4  5  6  7 |
---------------+----------------------+-----
Invocations    | 1 2 3 |  3.0
Unarmed Combat | 4 5 |  5.9
Dodging        | 3 |  3.8
Fighting       | 3 |  3.8

Action                     |  1- 3 |  4- 6 |  7- 9 || total
---------------------------+-------+-------+-------++-------
  Melee: Unarmed           |    75 |    82 |    38 ||   195
         Punch             |     2 |     2 |     2 ||     6
  Evoke: Wand              |       |       |     2 ||     2
    Use: Scroll            |       |     4 |     1 ||     5
         Potion            |       |     1 |       ||     1
   Stab: Sleeping          |       |     2 |       ||     2
 Armour: Robe              |    41 |    46 |    24 ||   111
  Dodge: Dodged            |    32 |    29 |     8 ||    69
  Block: Other             |       |    13 |     4 ||    17
